 Dungeon Crawl Stone Soup version 0.23.1 (webtiles) character file.

Game seed: 11501033969021111973

107 Norn the Vandal (level 5, -2/35 HPs)
             Began as a Halfling Hunter on Mar 16, 2019.
             Killed from afar by Ijyb (11 damage)
             ... with a wand of acid (4)
             ... on level 3 of the Dungeon.
             The game lasted 00:04:20 (1829 turns).

Norn the Vandal (Halfling Hunter)                   Turns: 1829, Time: 00:04:21

Health: -2/35      AC:  3    Str: 13    XL:     5   Next: 10%
Magic:  5/5        EV: 15    Int: 10    God:
Gold:   130        SH:  0    Dex: 15    Spells: 4/4 levels left

rFire    . . .     SeeInvis .   a - +1 hunting sling
rCold    . . .     Gourm    .   (shield restricted)
rNeg     . . .     Faith    .   c - +0 leather armour
rPois    .         Spirit   .   (no helmet)
rElec    .         Reflect  .   (no cloak)
rCorr    .         Harm     .   (no gloves)
MR       .....                  (no boots)
Stlth    ++........             (no amulet)
HPRegen  0.11/turn              (no ring)
MPRegen  0.09/turn              (no ring)

@: no status effects
A: small, mutation resistance 1
a: no special abilities


You were on level 3 of the Dungeon.
You were not hungry.

You visited 1 branch of the dungeon, and saw 3 of its levels.

You collected 130 gold pieces.

Inventory:

Hand Weapons
 a - a +1 hunting sling (weapon)
 b - a +0 short sword
Missiles
 d - 2 sling bullets (quivered)
 k - 136 stones
Armour
 c - a +0 leather armour (worn)
Jewellery
 m - a +2 amulet of reflection {unknown}
   (You found it on level 2 of the Dungeon)
 u - a cursed amulet of inaccuracy {unknown}
   (You found it on level 3 of the Dungeon)
Scrolls
 f - a scroll of noise {unknown}
 h - a scroll of random uselessness {unknown}
 i - 2 scrolls of immolation {unknown}
 j - a scroll of teleportation {unknown}
 n - 2 scrolls of enchant armour {unknown}
 o - 2 scrolls of magic mapping {unknown}
 p - 3 scrolls of remove curse {unknown}
 q - a scroll of identify {unknown}
 t - a scroll of fear {unknown}
Potions
 l - a potion of cancellation {unknown}
 r - a potion of flight {unknown}
 s - a potion of curing {unknown}
Comestibles
 e - 3 rations {!d}


   Skills:
 + Level 2.6 Fighting
 * Level 7.4 Slings
 + Level 3.2 Dodging
 - Level 1.1 Stealth


You had 4 spell levels left.
You didn't know any spells.
Your spell library was empty.

Dungeon Overview and Level Annotations

Branches:
Dungeon (3/15)

Altars:
Cheibriados
Gozag
Qazlal

Annotations:
D:3 Ijyb


Innate Abilities, Weirdness & Mutations

You are small and have problems with some larger weapons.
You are somewhat resistant to further mutation.


Message History

Aim: Ijyb, wielding a +0 club, wearing a +0 scale mail and carrying a wand of acid (8) (lightly wounded)
You shoot a sling bullet. The sling bullet hits Ijyb.
Ijyb zaps a wand.
The bolt of acid misses you.
Firing (i - inventory. (/) - cycle)
d - 13 sling bullets (quivered)
Aim: Ijyb, wielding a +0 club, wearing a +0 scale mail and carrying a wand of acid (7) (moderately wounded)
You shoot a sling bullet. The sling bullet closely misses Ijyb.
Firing (i - inventory. (/) - cycle)
d - 12 sling bullets (quivered)
Aim: Ijyb, wielding a +0 club, wearing a +0 scale mail and carrying a wand of acid (7) (moderately wounded)
You shoot a sling bullet. The sling bullet hits Ijyb!
Ijyb zaps a wand.
The bolt of acid misses you.
Firing (i - inventory. (/) - cycle)
d - 11 sling bullets (quivered)
Aim: Ijyb, wielding a +0 club, wearing a +0 scale mail and carrying a wand of acid (6) (heavily wounded)
You shoot a sling bullet.
The sling bullet hits Ijyb but does no damage.
Firing (i - inventory. (/) - cycle)
d - 10 sling bullets (quivered)
Aim: Ijyb, wielding a +0 club, wearing a +0 scale mail and carrying a wand of acid (6) (heavily wounded)
You shoot a sling bullet.
The sling bullet hits Ijyb but does no damage.
Ijyb zaps a wand.
The bolt of acid misses you.
Firing (i - inventory. (/) - cycle)
d - 9 sling bullets (quivered)
Aim: Ijyb, wielding a +0 club, wearing a +0 scale mail and carrying a wand of acid (5) (heavily wounded)
You shoot a sling bullet. The sling bullet closely misses Ijyb.
Firing (i - inventory. (/) - cycle)
d - 8 sling bullets (quivered)
Aim: Ijyb, wielding a +0 club, wearing a +0 scale mail and carrying a wand of acid (5) (heavily wounded)
You shoot a sling bullet. The sling bullet barely misses Ijyb.
Firing (i - inventory. (/) - cycle)
d - 7 sling bullets (quivered)
Aim: Ijyb, wielding a +0 club, wearing a +0 scale mail and carrying a wand of acid (5) (heavily wounded)
You shoot a sling bullet. The sling bullet hits Ijyb!
Ijyb drinks a potion.
Ijyb is healed!
Firing (i - inventory. (/) - cycle)
d - 6 sling bullets (quivered)
Aim: Ijyb, wielding a +0 club, wearing a +0 scale mail and carrying a wand of acid (5)
You shoot a sling bullet. The sling bullet hits Ijyb!
Firing (i - inventory. (/) - cycle)
d - 5 sling bullets (quivered)
Aim: Ijyb, wielding a +0 club, wearing a +0 scale mail and carrying a wand of acid (5) (moderately wounded)
You shoot a sling bullet. The sling bullet hits Ijyb.
Ijyb misses you.
Firing (i - inventory. (/) - cycle)
d - 4 sling bullets (quivered)
Aim: Ijyb, wielding a +0 club, wearing a +0 scale mail and carrying a wand of acid (5) (heavily wounded)
You shoot a sling bullet. The sling bullet hits Ijyb.
Firing (i - inventory. (/) - cycle)
d - 3 sling bullets (quivered)
Aim: Ijyb, wielding a +0 club, wearing a +0 scale mail and carrying a wand of acid (5) (heavily wounded)
You shoot a sling bullet. The sling bullet hits Ijyb.
Ijyb zaps a wand.
The bolt of acid hits you!
You are splashed with acid!
* * * LOW HITPOINT WARNING * * *
Ijyb zaps a wand.
The bolt of acid hits you!
You die...

......)..###.^....^≈.≈.##
#######(## #.≈.^^..###.#
#######.# #^#^#≈..≈.#≈#
........# #.##...^##^≈#
######### ##.^.^..^^^##
##.#..##### #.#.## #.#.#
#@# #..g# +...w. ###(.##
(.>. #(#.# #(#.. .....


You could see Ijyb and a worm.

Vanquished Creatures
  4 adders
  An ooze (D:2)
  3 worms
  2 dart slugs
  2 leopard geckos (D:1)
  4 giant cockroaches
  5 goblins
  A hobgoblin (D:1)
  A quokka (D:2)
  9 bats
  8 frilled lizards
  11 kobolds
  5 rats
56 creatures vanquished.

Notes
Turn   | Place    | Note
-------+----------+-------------------------------------------
     0 | D:1      | Norn the Halfling Hunter began the quest for the Orb.
     0 | D:1      | Reached XP level 1. HP: 14/14 MP: 1/1
    96 | D:1      | Reached skill level 6 in Slings
   114 | D:1      | Reached XP level 2. HP: 19/19 MP: 2/2
   335 | D:1      | Reached XP level 3. HP: 24/24 MP: 3/3
   801 | D:2      | Found an opulent altar of Gozag.
   834 | D:2      | Reached XP level 4. HP: 30/30 MP: 4/4
  1017 | D:2      | Reached skill level 7 in Slings
  1033 | D:2      | Found a snail-covered altar of Cheibriados.
  1055 | D:2      | Found a faded altar of an unknown god.
  1538 | D:3      | Reached XP level 5. HP: 35/35 MP: 5/5
  1555 | D:3      | Found a stormy altar of Qazlal.
  1814 | D:3      | Noticed Ijyb
  1829 | D:3      | Killed from afar by Ijyb

Skill      XL: |  1  2  3  4 |
---------------+-------------+-----
Slings         | 6 7 |  7.4
Fighting       | 2 |  2.6
Dodging        | 3 |  3.2
Stealth        | |  1.1

Action                   |  1- 3 |  4- 6 || total
-------------------------+-------+-------++-------
Melee: Short sword       |    30 |       ||    30
 Fire: Hunting sling     |    58 |   112 ||   170
 Stab: Sleeping          |     1 |       ||     1
  Eat: Chunk             |       |     3 ||     3
Armor: Leather armour    |    14 |     3 ||    17
Dodge: Dodged            |    46 |    29 ||    75
